 Dungeon Crawl Stone Soup version 0.30.1-3-gfc49f6343a (webtiles) character file.

Game seed: 8880676724924273658

16734 jtron the Severer (level 12, -3/115 HPs)
             Began as a Minotaur Berserker on July 27, 2023.
             Was a High Priest of Trog.
             Killed by divine providence
             ... invoked by a meliai
              (10 damage)
             ... on level 12 of the Dungeon.
             The game lasted 00:27:35 (11808 turns).

jtron the Severer (Minotaur Berserker)             Turns: 11808, Time: 00:27:36

Health: -3/115     AC: 17    Str: 31    XL:     12   Next: 12%
Magic:  11/11      EV: 10    Int:  4    God:    Trog [*****.]
Gold:   626        SH:  0    Dex: 12    Spells: 11/11 levels left

rFire   + . .        a - +0 battleaxe
rCold   . . .        (shield currently unavailable)
rNeg    . . .        f - +3 chain mail {rF+}
rPois   .            B - +2 hat {Stlth+}
rElec   .            (no cloak)
rCorr   .            D - +0 pair of gloves
SInv    .            (no boots)
Will    +....        (no amulet) Stlth
                     t - +6 ring of strength
HPRegen 0.39/turn    s - ring of willpower
MPRegen 0.12/turn

%: no passive effects
@: lethally poisoned (-3 -> -6), about to teleport, marked, on berserk cooldown,
hasted and slowed
A: horns 2, retaliatory headbutt
a: Renounce Religion, Berserk, Trog's Hand, Brothers in Arms


You were on level 12 of the Dungeon.
You worshipped Trog.
Trog was extremely pleased with you.
You visited 1 branch of the dungeon, and saw 12 of its levels.

You collected 626 gold pieces.

Inventory:

Hand Weapons
 a - a +0 battleaxe (weapon)
 b - a +3 shortbow
 e - a +1 heavy hand axe
 j - the +4 dagger "Doudeora" {freeze, +Blink}
   (You found it on level 3 of the Dungeon)

   +Blink:    It lets you blink.
 H - the +8 long sword "Doabaco" {freeze, Will+}
   (You found it on level 12 of the Dungeon)

   Will:      It increases your willpower.
 I - a +1 dagger of draining
Missiles
 c - 28 poisoned darts
 m - 3 javelins
 q - 3 atropa-tipped darts (quivered)
 C - 5 boomerangs
 G - 38 stones
Armour
 d - +0 steam dragon scales
 f - a +3 chain mail of fire resistance (worn)
 v - a +0 animal skin
 B - a +2 hat of stealth (worn)
 D - a +0 pair of gloves (worn)
Jewellery
 s - a ring of willpower (right hand)
 t - a +6 ring of strength (left hand)
 u - a ring of ice
 w - a +6 ring of intelligence
 x - a ring of resist corrosion
 F - a ring of positive energy
 K - a ring of willpower
Wands
 p - a wand of polymorph (3)
 y - a wand of flame (11)
 E - a wand of iceblast (10)
Scrolls
 h - a scroll of poison
 i - 3 scrolls of fear
 k - 5 scrolls of teleportation
 J - a scroll of fog
Potions
 g - 3 potions of mutation
 l - a potion of lignification
 n - 2 potions of flight
 o - 6 potions of curing
 r - a potion of might
 z - a potion of haste


   Skills:
 + Level 13.1 Fighting
 + Level 16.4 Axes
 + Level 2.0 Ranged Weapons
 + Level 4.7 Throwing
 - Level 9.0 Armour
 - Level 3.0 Dodging
 + Level 2.8 Stealth
 - Level 1.0 Unarmed Combat
 + Level 1.3 Evocations


You had 11 spell levels left.
You didn't know any spells.
Your spell library was empty.

Dungeon Overview and Level Annotations

Branches:
Dungeon (12/15)            Temple (0/1) D:4            Lair (0/5) D:9
    Orc: D:9-12

Altars:
Ashenzari
Dithmenos
Elyvilon
Fedhas
Gozag
Hepliaklqana
Kikubaaqudgha
Makhleb
Okawaru
Qazlal
Vehumet
Zin

Shops:
D:1 :

Annotations:
D:9 3 runed translucent doors
D:12 Sonja


Innate Abilities, Weirdness & Mutations

You have a pair of horns on your head.
You reflexively headbutt those who attack you in melee.


Message History

A killer bee comes into view.
Sonja says, "I'm academy-trained, you know."
Sonja mumbles some strange words.
Sonja blinks!
You feel as though your hastened speed will last longer.
You feel sick. The meliai barely misses you. The meliai stings you.
The killer bee stings you.
A killer bee comes into view.
The meliai barely misses you.
The meliai stings you but does no damage.
The killer bee stings you.
A killer bee comes into view.
As you read the scroll of teleportation, it crumbles to dust.
You feel strangely unstable.
You feel sick. The meliai hits you with a +0 hand axe.
The meliai stings you but does no damage.
A killer bee comes into view.
The killer bee stings you but does no damage.
The meliai calls upon its god to heal the killer bee.
The killer bee is healed somewhat.
A killer bee comes into view.
The killer bee stings you but does no damage.
You feel sick.
The meliai mumbles some strange prayers to its god against you.
Something smites you!
* * * LOW HITPOINT WARNING * * *
The meliai calls down the wrath of its god upon you.
Something smites you!
* * * LOW HITPOINT WARNING * * *
The meliai invokes the aid of its god against you.
Something smites you!
* * * LOW HITPOINT WARNING * * *
Sonja gestures wildly while chanting.
Sonja blinks!
The meliai calls upon its god to heal the killer bee.
The killer bee's wounds heal themselves!
The killer bee stings you but does no damage.
The meliai calls down the wrath of its god upon you.
Something smites you!
You die...

########################
.......@yyyy............
..#....y#y.§......#.....
#..#..yyy.#...).......
........yy..............
.....>..#.y..K(#....###.
.###...........#.#### #.
#.#.........#.# #.
#....#..#††...# #.
####..........# #.


You could see Sonja, 3 meliai and 8 killer bees.

Vanquished Creatures
  Gastronok (D:9)
  Erolcha (D:9)
  4 two-headed ogres
  A komodo dragon (D:9)
  An unseen horror (D:8)
  3 yaktaurs (D:10)
  Grinder (D:3)
  Sigmund (D:6)
  A shadow (D:11)
  A wyvern (D:11)
  25 yaks
  12 vampire mosquitoes
  The ghost of Squincus the Conjurer, an amateur DrCj (D:4)
  Menkaure (D:6)
  2 steam dragons
  The ghost of hurricos the Shooter, an amateur DEDe of Cheibriados (D:4)
  Duvessa (D:6)
  3 acid dragons
  A water moccasin (D:5)
  3 orc warriors (D:9)
  3 ice beasts
  2 sky beasts
  3 black bears
  4 centaurs
  A phantom (D:5)
  Blork the orc (D:5)
  7 bullfrogs
  2 gnoll sergeants
  5 scorpions
  Dowan (D:6)
  4 killer bees
  A howler monkey (D:12)
  A crimson imp (D:10)
  6 hounds
  2 jellies
  7 orc priests
  5 gnoll boudas
  4 sleepcaps
  Ijyb (D:3)
  Natasha (thrice) (D:3)
  10 orc wizards
  Terence (D:3)
  6 adders
  24 gnolls
  2 ufetubi (D:4)
  2 worms
  49 orcs
  9 endoplasms
  2 giant cockroaches
  11 goblins
  4 hobgoblins
  5 jackals
  9 kobolds
  A quokka (D:2)
  6 ball pythons
  6 bats
  5 frilled lizards
  3 rats (D:1)
283 creatures vanquished.

Vanquished Creatures (collateral kills)
  2 yaktaurs (D:10)
  2 howler monkeys (D:12)
  An orc (D:10)
5 creatures vanquished.

Vanquished Creatures (others)
  An orc (D:9)
1 creature vanquished.

Grand Total: 289 creatures vanquished

Notes
Turn   | Place    | Note
-------+----------+-------------------------------------------
     0 | D:1      | jtron the Minotaur Berserker began the quest for the Orb.
     0 | D:1      | Reached XP level 1. HP: 19/19 MP: 0/0
   205 | D:1      | Reached skill level 4 in Axes
   398 | D:1      | Reached XP level 2. HP: 27/27 MP: 1/1
   488 | D:1      | Found Jack's Book Shop.
   933 | D:2      | Reached XP level 3. HP: 31/33 MP: 2/2
  1212 | D:2      | Reached ** piety under Trog
  1247 | D:2      | Found a faded altar of an unknown god.
  1379 | D:2      | Reached skill level 5 in Axes
  1538 | D:3      | Noticed a bullfrog
  1580 | D:3      | Reached XP level 4. HP: 40/40 MP: 3/3
  1592 | D:3      | Reached XP level 5. HP: 47/47 MP: 4/4
  1620 | D:3      | Noticed Natasha
  1628 | D:3      | Killed Natasha
  1629 | D:3      | Reached skill level 1 in Stealth
  1629 | D:3      | Reached skill level 1 in Unarmed Combat
  1719 | D:3      | Noticed Natasha
  1734 | D:3      | Killed Natasha
  1735 | D:3      | Reached skill level 6 in Axes
  1814 | D:3      | Noticed Terence
  1822 | D:3      | Killed Terence
  1835 | D:3      | Identified the +4 dagger "Doudeora" {freeze, +Blink}
  1855 | D:3      | Found a shadowy altar of Dithmenos.
  1899 | D:3      | Reached XP level 6. HP: 46/53 MP: 5/5
  1937 | D:3      | Noticed Natasha
  1944 | D:3      | Killed Natasha
  2055 | D:3      | Noticed Grinder
  2085 | D:3      | Noticed Ijyb
  2095 | D:3      | Killed Ijyb
  2096 | D:3      | Reached skill level 7 in Axes
  2221 | D:4      | Reached skill level 5 in Fighting
  2567 | D:4      | Reached skill level 8 in Axes
  2567 | D:4      | Reached XP level 7. HP: 51/61 MP: 6/6
  2836 | D:4      | Found a staircase to the Ecumenical Temple.
  2934 | D:4      | Found a runed translucent gate.
  2934 | D:4      | Found a runed translucent gate.
  2935 | D:4      | Found a runed translucent gate.
  2939 | D:4      | Noticed hurricos's ghost (amateur DEDe)
  2939 | D:4      | Noticed Squincus's ghost (amateur DrCj)
  3117 | D:4      | Reached *** piety under Trog
  3368 | D:5      | Entered Level 5 of the Dungeon
  3368 | D:5      | Noticed Blork the orc
  3407 | D:5      | You fall into a shaft and drop 3 floors!
  3550 | D:7      | Noticed a steam dragon
  3669 | D:7      | Reached skill level 9 in Axes
  3719 | D:7      | Reached XP level 8. HP: 70/70 MP: 7/7
  3966 | D:7      | Reached skill level 5 in Armour
  4067 | D:7      | Reached skill level 10 in Axes
  4126 | D:7      | Reached skill level 1 in Throwing
  4401 | D:8      | Reached skill level 11 in Axes
  4420 | D:8      | Reached skill level 1 in Ranged Weapons
  4557 | D:8      | Killed an unseen horror
  4558 | D:8      | Reached XP level 9. HP: 23/79 MP: 8/8
  4687 | D:7      | Reached skill level 12 in Axes
  4833 | D:8      | Reached **** piety under Trog
  4850 | D:8      | Noticed a two-headed ogre
  4861 | D:8      | Killed a two-headed ogre
  5152 | D:8      | Reached skill level 13 in Axes
  5632 | D:6      | Noticed Duvessa
  5632 | D:6      | Noticed Dowan
  5635 | D:6      | Killed Dowan
  5643 | D:6      | Killed Duvessa
  5932 | D:6      | Noticed Sigmund
  5936 | D:6      | Killed Sigmund
  6142 | D:5      | Found a white marble altar of Elyvilon.
  6203 | D:5      | Killed Blork the orc
  6242 | D:5      | Reached XP level 10. HP: 81/90 MP: 9/9
  6294 | D:5      | Reached skill level 14 in Axes
  6914 | D:3      | Killed Grinder
  7148 | D:4      | Killed hurricos's ghost
  7152 | D:4      | Killed Squincus's ghost
  7395 | D:6      | Noticed Menkaure
  7403 | D:6      | Killed Menkaure
  7849 | D:9      | Found a runed translucent gate.
  7849 | D:9      | Noticed a purple ugly thing
  7849 | D:9      | Noticed a glowing orange brain
  7872 | D:9      | Reached skill level 10 in Fighting
  7908 | D:9      | Noticed Erolcha
  7920 | D:9      | Killed Erolcha
  8081 | D:9      | Found a runed translucent gate.
  8081 | D:9      | Found a runed translucent gate.
  8081 | D:9      | Noticed a cyan ugly thing
  8082 | D:9      | Noticed a cyan ugly thing
  8082 | D:9      | Noticed a white ugly thing
  8240 | D:9      | Noticed Gastronok
  8254 | D:9      | Killed Gastronok
  8299 | D:9      | Reached XP level 11. HP: 67/102 MP: 10/10
  8303 | D:9      | Found a staircase to the Lair.
  8310 | D:9      | Reached skill level 1 in Evocations
  9347 | D:10     | Entered Level 10 of the Dungeon
  9662 | D:10     | Found a broken altar of Ashenzari.
  9664 | D:10     | Found an ancient bone altar of Kikubaaqudgha.
  9665 | D:10     | Found a glowing silver altar of Zin.
  9665 | D:10     | Found an opulent altar of Gozag.
  9666 | D:10     | Found a blossoming altar of Fedhas.
  9666 | D:10     | Found a stormy altar of Qazlal.
  9668 | D:10     | Found a hazy altar of Hepliaklqana.
  9758 | D:10     | Noticed a two-headed ogre
  9761 | D:10     | Killed a two-headed ogre
 10090 | D:10     | Reached skill level 15 in Axes
 10467 | D:10     | Found a burning altar of Makhleb.
 10467 | D:10     | Found a radiant altar of Vehumet.
 10621 | D:10     | Found an iron altar of Okawaru.
 10745 | D:11     | Noticed a two-headed ogre
 10751 | D:11     | Killed a two-headed ogre
 10877 | D:11     | Reached ***** piety under Trog
 10944 | D:11     | Noticed a two-headed ogre
 10950 | D:11     | Killed a two-headed ogre
 11151 | D:11     | Reached XP level 12. HP: 102/115 MP: 11/11
 11155 | D:11     | Reached skill level 16 in Axes
 11740 | D:12     | Identified the +8 long sword "Doabaco" {freeze, Will+}
 11786 | D:12     | Noticed Sonja
 11795 | D:12     | Paralysed by Sonja for 5 turns
 11808 | D:12     | Killed from afar by a meliai

Illustrated notes

Levels and vault maps discovered:
D:1:      evilmike_arrival_hilbert_curve, layout_basic, serial_shops,
          nicolae_shop_rolling_square, serial_curves, eino_curves_01,
          eino_curves_01
D:2:      layout_basic, shapermc_ecumenical_altar_ellora
D:3:      layout_basic, nicolae_dithmenos_through_a_glass_darkly,
          nicolae_grassy_gnolls, uniq_terence, uniq_ijyb, uniq_natasha,
          uniq_grinder
D:4:      minmay_skewed_foursquare, layout_loops_corners,
          minmay_temple_entry_mist, gammafunk_ghost_cemetery,
          dreamdust_gnoll_farm
D:5:      layout_rooms, nicolae_elyvilon_peaceful_grove, uniq_blork_the_orc
D:6:      layout_gridville, kennysheep_generic_room_7, uniq_menkaure,
          uniq_duvessa, uniq_sigmund
D:7:      layout_loops_ring, corexii_leaking_fountain, minmay_diced_spiral
D:8:      layout_cave_pools, serial_gnoll_camp, gnoll_camp_mini_basic,
          gnoll_camp_mini_hut, gnoll_camp_mini_house, gnoll_camp_mini_hut,
          enter_bailey_3, dk_noncrumbling_4
D:9:      layout_gridville, grunt_lair_entry_orc_guard_hut,
          ploomutoo_gammafunk_ghost_potion_laboratory, serial_co_window_serial,
          co_window_paths_a, co_window_paths_a, co_window_corner_a,
          co_window_cross_1, co_window_corner_a, co_window_paths_a,
          co_window_paths_c, co_window_of_opportunity_b,
          co_window_of_opportunity_c, co_window_4corner_b, co_window_4corner_a,
          glass_columns_a, uniq_erolcha, uniq_gastronok
D:10:     layout_grid_maze, grunt_temple_overflow_lords_of_destruction,
          minitemple, okawaru_altar_gauntlet_db
D:11:     layout_loops_ring
D:12:     layout_stronghold, orc_0_dummy, minivault_7, uniq_sonja

Skill      XL: |  1  2  3  4  5  6  7  8  9 10 11 12 |
---------------+-------------------------------------+-----
Axes           | 4 5 6 8 9 11 13 14 15 16 | 16.4
Fighting       | 4 5 7 8 11 13 | 13.1
Stealth        | 1 2 |  2.8
Unarmed Combat | 1 |  1.0
Dodging        | 3 |  3.0
Armour         | 4 5 8 9 |  9.0
Throwing       | 1 2 4 |  4.7
Ranged Weapons | 1 2 |  2.0
Evocations     | 1 |  1.3

Action                     |  1- 3 |  4- 6 |  7- 9 | 10-12 || total
---------------------------+-------+-------+-------+-------++-------
  Melee: Hand axe          |    75 |    83 |   193 |   176 ||   527
         Headbutt          |    12 |    12 |    21 |    79 ||   124
         Punch             |       |       |     1 |     3 ||     4
         Battleaxe         |       |       |     3 |   147 ||   150
   Fire: Shortbow          |       |       |     4 |       ||     4
  Throw: Dart              |       |     3 |    21 |     3 ||    27
         Javelin           |       |       |       |     9 ||     9
 Invoke: Berserk           |     1 |     4 |     9 |    10 ||    24
         Brothers in Arms  |       |       |       |     2 ||     2
  Evoke: Wand              |       |       |     1 |     2 ||     3
    Use: Scroll            |       |     6 |     6 |    10 ||    22
         Potion            |       |       |     4 |     3 ||     7
   Stab: Paralysed         |       |       |     2 |       ||     2
 Armour: Animal skin       |    13 |     3 |       |       ||    16
         Chain mail        |       |    20 |   139 |   141 ||   300
         Skin              |       |       |     6 |       ||     6
  Dodge: Dodged            |    49 |    56 |    74 |   126 ||   305
